 Dungeon Sprint DCSS version 0.19.1 (webtiles) character file.

6202 KingBobo974 the Spear-Bearer (level 10, -7/53 HPs)
             Began as a Gargoyle Gladiator on Dec 14, 2016.
             Was a High Priest of Okawaru.
             Killed by divine providence
             ... invoked by an orc priest
              (12 damage)
             ... in the Dungeon (Sprint IX: "|||||||||||||||||||||||||||||").
             The game lasted 00:08:24 (1626 turns).

KingBobo974 the Spear-Bearer (Gargoyle Gladiator)   Turns: 1626, Time: 00:08:26

Health: -7/53      AC: 29    Str: 25    XL:     10   Next: 92%
Magic:  5/10       EV: 12    Int:  9    God:    Okawaru [*****.]
Gold:   25         SH:  0    Dex: 10    Spells: 0 memorised, 9 levels left

rFire  . . .     SeeInvis .     q - +4 halberd (venom)
rCold  . . .     Gourm    .     x - +0 plate armour
rNeg   + . .     Faith    .     (shield currently unavailable)
rPois  ∞         Spirit   .     c - +0 helmet
rElec  +         Reflect  .     w - +0 cloak
rCorr  .         Harm     .     v - +0 pair of gloves
MR     .....     NoTele   +     (no boots)
Stlth  ..........               (no amulet)
                                z - +2 ring of protection
                                y - +3 ring of strength

@: no status effects
A: negative energy resistance 1, electricity resistance, unbreathing,
petrification resistance, rot immunity, AC +7
a: Heroism, Finesse, Renounce Religion


You were in the Dungeon.
You worshipped Okawaru.
Okawaru was extremely pleased with you.
You were not hungry.

You visited 1 branch You collected 25 gold pieces.

Inventory:

Hand Weapons
 a - a +0 quarterstaff
 p - a +1 broad axe of freezing
 q - a +4 halberd of venom (weapon)
 r - a +0 lajatang
 s - a +2 morningstar of protection
 t - a +2 rapier of distortion
 u - a +2 scimitar of flaming
 A - a +4 eveningstar of draining
Missiles
 d - 3 throwing nets (quivered)
Armour
 b - a +0 leather armour
 c - a +0 helmet (worn)
 v - a +0 pair of gloves (worn)
 w - a +0 cloak (worn)
 x - a +0 plate armour (worn)
Magical Staves
 o - an uncursed staff of energy
Jewellery
 y - a +3 ring of strength (left hand)
 z - a +2 ring of protection (right hand)
Wands
 n - a wand of acid (7/15)
Scrolls
 k - 3 scrolls of blinking
 l - 3 scrolls of remove curse
 m - 2 scrolls of amnesia
 F - a scroll of fog
 H - 2 scrolls of enchant armour
Potions
 e - 6 potions of curing
 h - 2 potions of haste
 i - 4 potions of magic
 j - a potion of invisibility
 B - 3 potions of might
 C - a potion of brilliance
 D - a potion of flight
Comestibles
 f - 26 chunks of flesh
 g - 40 fruits
 E - 12 bread rations
 G - 12 meat rations


   Skills:
 - Level 2.1 Fighting
 * Level 14.0(14.9) Polearms
 - Level 9.7(13.5) Staves
 - Level 1.7 Throwing
 + Level 13.5 Armour
 + Level 11.1 Dodging


You had 9 spell levels left.
You didn't know any spells.

Dungeon Overview and Level Annotations

Branches:
Dungeon (1/1)

Altars:
Cheibriados
Dithmenos
Elyvilon
Fedhas
Gozag
Hepliaklqana
Kikubaaqudgha
Makhleb
Nemelex Xobeh
Okawaru
Qazlal
Ru
Sif Muna
Trog
Uskayaw
Vehumet
Xom
Yredelemnul
Zin
The Shining One
Beogh
Jiyva
Lugonu


Innate Abilities, Weirdness & Mutations

You are resistant to torment.
Your stone body is resilient. (AC +7)
You are immune to poison.
You resist negative energy. (rN+)
You are resistant to electric shocks. (rElec)
You can survive without breathing.
You are immune to petrification.
You are immune to rotting.


Message History

You are too injured to fight recklessly!
You are too injured to fight recklessly!
You puncture the orc warrior!
The orc warrior is poisoned.
The orc warrior is moderately wounded.
The orc priest no longer looks unusually strong.
You barely miss the orc warrior.
The orc warrior is moderately wounded.
The orc warrior barely misses you.
You barely miss the orc warrior.
The orc warrior is moderately wounded.
The orc warrior barely misses you.
You closely miss the orc warrior.
The orc warrior is heavily wounded.
Your plate armour prevents you from hitting the orc warrior.
The orc warrior is heavily wounded.
The orc warrior no longer looks unusually strong.
The orc warrior barely misses you.
The orc priest invokes the aid of Beogh against you.
Beogh smites you!
You die...

▓▓▓▓▓▓▓▓▓▓▓▓▓▓▓▓▓▓▓▓▓▓
▓............)@oooooo.
▓.▓▓▓▓▓▓▓▓▓▓▓▓▓▓▓▓▓▓▓▓▓▓▓▓▓▓▓▓▓
▓..............................
▓▓▓▓▓▓▓▓▓▓▓▓▓▓▓▓▓▓▓▓▓▓▓▓▓▓▓▓▓▓▓
▓.......'......!......†........
▓.▓▓▓▓▓▓▓▓▓▓▓▓▓▓▓▓▓▓▓▓▓▓▓▓▓▓▓▓▓
▓..............................
▓▓▓▓▓▓▓▓▓▓▓▓▓▓▓▓▓▓▓▓▓▓▓▓▓▓▓▓▓▓▓
▓<..()....())....'_____________


You could see 3 orc warriors, 2 orc priests and an orc.

Vanquished Creatures
  Urug (D)
  An orc knight (D)
  A black mamba (D)
  2 spiny frogs (D)
  A rime drake (D)
  2 komodo dragons (D)
  3 hippogriffs (D)
  3 yaks (D)
  A wyvern (D)
  A vampire mosquito (D)
  5 wargs (D)
  2 hell hounds (D)
  4 porcupines (D)
  2 orc warriors (D)
  An ice beast (D)
  2 ogres (D)
  3 centaurs (D)
  A wolf (D)
  A crocodile (D)
  A bullfrog (D)
  A howler monkey (D)
  A crimson imp (D)
  An orc wizard (D)
  A worker ant (D)
  2 shadow imps (D)
  An ooze (D)
  An adder zombie (D)
  A bat (D)
  A bat zombie (D)
  A hobgoblin (D)
  A frilled lizard (D)
  A rat (D)
51 creatures vanquished.

Notes
Turn   | Place    | Note
-------+----------+-------------------------------------------
     0 | D        | KingBobo974 the Gargoyle Gladiator began the quest for the Orb.
     0 | D        | Reached XP level 1. HP: 12/12 MP: 1/1
     8 | D        | Reached skill level 1 in Armour
    10 | D        | Reached XP level 2. HP: 16/17 MP: 2/2
    23 | D        | Noticed a crimson imp
    23 | D        | Noticed a centaur
    23 | D        | Noticed an ogre
    23 | D        | Noticed an ogre
    38 | D        | Killed a centaur
    38 | D        | Reached XP level 3. HP: 8/21 MP: 3/3
    38 | D        | Reached XP level 4. HP: 10/26 MP: 4/4
    50 | D        | Killed an ogre
    50 | D        | Reached skill level 5 in Armour
    50 | D        | Reached skill level 5 in Dodging
    50 | D        | Reached XP level 5. HP: 11/30 MP: 5/5
    54 | D        | Killed an ogre
    54 | D        | Reached XP level 6. HP: 10/35 MP: 6/6
    91 | D        | Found a roughly hewn altar of Beogh.
    91 | D        | Found a snail-covered altar of Cheibriados.
    91 | D        | Found a shadowy altar of Dithmenos.
    91 | D        | Found a white marble altar of Elyvilon.
    91 | D        | Found a blossoming altar of Fedhas.
    91 | D        | Found an opulent altar of Gozag.
    92 | D        | Found a hazy altar of Hepliaklqana.
    93 | D        | Found a viscous altar of Jiyva.
    94 | D        | Found an ancient bone altar of Kikubaaqudgha.
    95 | D        | Found a corrupted altar of Lugonu.
    96 | D        | Found a burning altar of Makhleb.
    97 | D        | Found a sparkling altar of Nemelex Xobeh.
    98 | D        | Found an iron altar of Okawaru.
    99 | D        | Found a stormy altar of Qazlal.
   100 | D        | Found a sacrificial altar of Ru.
   101 | D        | Found a deep blue altar of Sif Muna.
   102 | D        | Found a bloodstained altar of Trog.
   103 | D        | Found a hide-covered altar of Uskayaw.
   104 | D        | Found a radiant altar of Vehumet.
   105 | D        | Found a shimmering altar of Xom.
   106 | D        | Became a worshipper of Warmaster Okawaru
   332 | D        | Found a basalt altar of Yredelemnul.
   333 | D        | Found a glowing silver altar of Zin.
   334 | D        | Found a glowing golden altar of the Shining One.
   387 | D        | Noticed an ice beast
   404 | D        | Reached skill level 2 in Polearms
   409 | D        | Reached skill level 3 in Polearms
   409 | D        | Reached XP level 7. HP: 18/40 MP: 7/7
   419 | D        | Reached skill level 4 in Polearms
   426 | D        | Reached skill level 5 in Polearms
   693 | D        | Noticed a vampire mosquito
   693 | D        | Noticed a yak
   701 | D        | Killed a vampire mosquito
   701 | D        | Reached * piety under Okawaru
   701 | D        | Reached skill level 6 in Polearms
   711 | D        | Reached skill level 7 in Polearms
   715 | D        | Killed a yak
   715 | D        | Reached ** piety under Okawaru
   715 | D        | Reached XP level 8. HP: 33/44 MP: 8/8
   762 | D        | Noticed Urug
   778 | D        | Killed Urug
   778 | D        | Reached *** piety under Okawaru
   778 | D        | Reached skill level 9 in Polearms
   778 | D        | Reached skill level 10 in Armour
  1099 | D        | Noticed a black mamba
  1099 | D        | Noticed a komodo dragon
  1099 | D        | Noticed a yak
  1108 | D        | Noticed a rime drake
  1111 | D        | Killed a black mamba
  1111 | D        | Reached **** piety under Okawaru
  1111 | D        | Reached skill level 10 in Polearms
  1111 | D        | Reached XP level 9. HP: 31/48 MP: 9/9
  1116 | D        | HP: 1/48 [komodo dragon (5)]
  1119 | D        | Killed a komodo dragon
  1127 | D        | Reached skill level 11 in Polearms
  1138 | D        | Killed a rime drake
  1138 | D        | Reached ***** piety under Okawaru
  1351 | D        | Noticed a spiny frog
  1351 | D        | Noticed a komodo dragon
  1360 | D        | Killed a spiny frog
  1360 | D        | Received a gift from Okawaru
  1360 | D        | Reached skill level 12 in Polearms
  1360 | D        | Reached skill level 10 in Dodging
  1360 | D        | Reached XP level 10. HP: 47/53 MP: 10/10
  1375 | D        | Noticed a spiny frog
  1396 | D        | Reached skill level 13 in Polearms
  1402 | D        | Killed a spiny frog
  1594 | D        | Noticed an orc knight
  1608 | D        | Killed an orc knight
  1608 | D        | Received a gift from Okawaru
  1608 | D        | Reached skill level 14 in Polearms
  1626 | D        | Killed from afar by an orc priest

Skill      XL: |  1  2  3  4  5  6  7  8  9 10 |
---------------+-------------------------------+-----
Armour         | 1 4 5 6 7 9 10 12 13 | 13.5
Staves         | 4 6 8 9 |  9.7
Dodging        | 4 5 6 7 9 10 11 | 11.1
Polearms       | 3 7 10 12 14 | 14.0
Fighting       | |  2.1
Throwing       | |  1.7

Action                   |  1- 3 |  4- 6 |  7- 9 | 10-12 || total
-------------------------+-------+-------+-------+-------++-------
Melee: Quarterstaff      |    26 |    31 |       |       ||    57
       Halberd           |       |    22 |   114 |   124 ||   260
Invok: Heroism           |       |       |     1 |     3 ||     4
       Finesse           |       |       |       |     3 ||     3
  Use: Potion            |       |     1 |     2 |     2 ||     5
       Scroll            |       |       |     3 |       ||     3
  Eat: Bread ration      |       |       |     1 |       ||     1
Armor: Leather armour    |    13 |    10 |       |       ||    23
       Plate armour      |       |    17 |    63 |    37 ||   117
Dodge: Dodged            |    14 |    27 |    48 |    37 ||   126
